[Event "Titled Tuesday Blitz October 19 2021"]
[White "Taichman, Ori"]
[Black "Kovalev, Vladislav"]
[WhiteFideId "2804069"]
[BlackFideId "13504398"]
[WhiteElo "2227"]
[BlackElo "2573"]
[Result "1-0"]
[Round "03"]
[TimeControl "180+1"]
[Date "2021.10.19"]
[WhiteClock "0:00:09"]
[BlackClock "0:00:05"]

1. e4 e5 2. d4 exd4 3. Qxd4 Nc6 4. Qe3 Nf6 5. Nc3 Bb4 6. Bd2 O-O 7. O-O-O Re8 8. Qg3 Rxe4 9. a3 Rg4 10. Qe3 Ba5 11. f3 Bb6 12. Qe1 Rg6 13. h4 Nh5 14. Bg5 Rxg5 15. hxg5 Qxg5+ 16. Kb1 g6 17. Qe8+ Kg7 18. Bc4 Qe7 19. Qxe7 Nxe7 20. g4 Nf4 21. Nge2 Nxe2 22. Nxe2 c6 23. Bd3 d5 24. Nf4 Bd7 25. Rde1 Re8 26. c3 Nc8 27. Rxe8 Bxe8 28. Re1 Nd6 29. Kc2 h6 30. b4 Bc7 31. Ng2 Kf6 32. a4 Bd7 33. a5 Ne8 34. c4 dxc4 35. Bxc4 Bd6 36. Kb3 Nc7 37. Rd1 Ke7 38. Re1+ Ne6 39. f4 Kf6 40. Rd1 Ke7 41. f5 gxf5 42. gxf5 Nf8 43. f6+ Kxf6 44. Rxd6+ Ke7 45. Rxh6 Ne6 46. Bxe6 Bxe6+ 47. Kc3 Kd6 48. Kd4 b6 49. Ne3 c5+ 50. bxc5+ bxc5+ 51. Ke4 Kc6 52. Rh2 Kb5 53. Rb2+ Kxa5 54. Nd5 Ka4 55. Nc3+ Ka3 56. Rb7 Bc4 57. Ke5 a5 58. Kd6 a4 59. Kxc5 Bb3 60. Rb4 f5 61. Kb5 f4 62. Nxa4 f3 63. Nc5 Bd1 64. Rf4 Kb2 65. Kc4 Kc2 66. Kd4 Kd2 67. Ne4+ Ke1 68. Ke3 Kf1 69. Nd2+ Kg2 70. Nxf3 Kg3 71. Ne5 1-0


[Site "https://www.chess.com"]

[Event "Titled Tuesday Blitz October 19 2021"]
[White "Tang, Andrew"]
[Black "Ozen, Bahadir"]
[WhiteFideId "2059630"]
[BlackFideId "6337058"]
[WhiteElo "2588"]
[BlackElo "2503"]
[Result "1-0"]
[Round "03"]
[TimeControl "180+1"]
[Date "2021.10.19"]
[WhiteClock "0:01:41"]
[BlackClock "0:00:53"]

1. d4 d5 2. Bf4 Nf6 3. e3 c5 4. Nc3 a6 5. dxc5 Nc6 6. a3 Bg4 7. Be2 Bxe2 8. Ngxe2 e6 9. b4 Be7 10. h3 O-O 11. O-O b6 12. Nd4 Rc8 13. cxb6 Qxb6 14. Na4 Qa7 15. c3 Ne4 16. Rc1 Rfd8 17. Qd3 Nd6 18. Bxd6 Bxd6 19. Nxc6 Rxc6 20. e4 Bf4 21. Rcd1 h6 22. Qf3 Qc7 23. exd5 exd5 24. Rxd5 Rxd5 25. Qxd5 Re6 26. Nc5 Re2 27. Qa8+ Kh7 28. Qxa6 Rd2 29. Qc4 f5 30. Qe6 g6 31. a4 Bh2+ 32. Kh1 Qf4 33. Qf7+ Kh8 34. Ne6 Qe5 35. Qe8+ Kh7 36. Qf7+ Kh8 37. Qxg6 f4 38. Qxh6+ Kg8 39. Qg6+ Kh8 40. Ng5 1-0


[Site "https://www.chess.com"]

[Event "Titled Tuesday Blitz October 19 2021"]
[White "Weichhold, Pawel"]
[Black "Kamsky, Gata"]
[WhiteFideId "1139703"]
[BlackFideId "2000024"]
[WhiteElo "2309"]
[BlackElo "2603"]
[Result "0-1"]
[Round "03"]
[TimeControl "180+1"]
[Date "2021.10.19"]
[WhiteClock "0:00:23"]
[BlackClock "0:00:41"]

1. e4 d6 2. d4 g6 3. Nc3 Bg7 4. h4 h6 5. h5 g5 6. f4 gxf4 7. Bxf4 Nc6 8. d5 Ne5 9. Nf3 c6 10. dxc6 Nxc6 11. Qd2 Qa5 12. Bc4 Be6 13. Bd5 Nf6 14. O-O-O Nd7 15. Kb1 Bxc3 16. Qxc3 Qxc3 17. bxc3 Bxd5 18. exd5 Nce5 19. Nxe5 Nxe5 20. Rhe1 f6 21. Re3 Kd7 22. Bxe5 fxe5 23. Rg3 Rag8 24. Rdd3 b5 25. Rde3 Kc7 26. Kc1 Kb6 27. Rg6 Rxg6 28. hxg6 Rg8 29. Rg3 Rg7 30. Kb2 Kc5 31. Rf3 Rxg6 32. Rf7 Kxd5 33. Rxe7 a6 34. Ra7 Rxg2 35. Rxa6 e4 36. Ra8 Rg5 37. Rh8 h5 38. Kc1 e3 39. Kd1 Ke4 40. Re8+ Re5 41. Rf8 Rd5+ 42. Ke1 Rd2 43. Re8+ Kf4 44. Rf8+ Kg4 45. Rg8+ Kh4 46. Re8 Rxc2 47. Rxe3 Rxa2 48. Rd3 Ra6 49. Kf2 Rc6 50. Rd4+ Kg5 51. Rd5+ Kg6 52. Rd3 Kf6 53. Rh3 Rc5 54. Ke2 Ke6 55. Kd3 Re5 56. Kd4 Rg5 57. Rh1 Rg4+ 58. Kd3 h4 59. Rb1 Rg5 60. Kd4 Rh5 61. Rh1 h3 62. Rh2 Rh4+ 63. Ke3 Kd5 64. Kf3 Kc4 65. Kg3 Rh6 66. Kg4 Kxc3 67. Kg5 Rh8 68. Kg6 b4 69. Kg7 Rh4 70. Kg6 b3 71. Kg5 b2 72. Kxh4 b1=Q 73. Rxh3+ Kd4 0-1


[Site "https://www.chess.com"]

[Event "Titled Tuesday Blitz October 19 2021"]
[White "Yanchenko, Roman"]
[Black "Lazavik, Denis"]
[WhiteFideId "4137329"]
[BlackFideId "13515110"]
[WhiteElo "2514"]
[BlackElo "2436"]
[Result "1/2-1/2"]
[Round "03"]
[TimeControl "180+1"]
[Date "2021.10.19"]
[WhiteClock "0:00:41"]
[BlackClock "0:01:17"]

1. d4 Nf6 2. Nf3 d5 3. c4 e6 4. Nc3 Be7 5. Bg5 O-O 6. e3 Nbd7 7. Qc2 h6 8. Bh4 c5 9. dxc5 Nxc5 10. Rd1 Qa5 11. cxd5 exd5 12. Bd3 Nce4 13. O-O Nxc3 14. Qxc3 Qxc3 15. bxc3 Bg4 16. c4 dxc4 17. Bxc4 Rac8 18. Bb3 b5 19. Rd4 Bxf3 20. gxf3 a5 21. Rb1 Rfd8 22. Rxd8+ Rxd8 23. Rd1 Rxd1+ 24. Bxd1 Nd5 25. Bb3 1/2-1/2


[Site "https://www.chess.com"]

[Event "Titled Tuesday Blitz October 19 2021"]
[White "Yilmaz, Mustafa"]
[Black "Quispe Arteaga, Gabriel"]
[WhiteFideId "6302718"]
[BlackFideId "32059809"]
[WhiteElo "2518"]
[BlackElo "2229"]
[Result "1-0"]
[Round "03"]
[TimeControl "180+1"]
[Date "2021.10.19"]
[WhiteClock "0:00:18"]
[BlackClock "0:00:02"]

1. Nf3 c5 2. g3 b5 3. Bg2 Bb7 4. O-O Nf6 5. b3 e6 6. c4 bxc4 7. bxc4 Be7 8. Nc3 O-O 9. Rb1 Bc6 10. Re1 Na6 11. e4 d6 12. d4 Rb8 13. Rxb8 Qxb8 14. d5 Bd7 15. e5 dxe5 16. Nxe5 Rd8 17. Bf4 Qb4 18. Qc2 Be8 19. Rb1 Qa5 20. dxe6 fxe6 21. Bh3 Nb4 22. Bxe6+ Kh8 23. Qe2 Qa3 24. Rb3 Qa6 25. Nf7+ Bxf7 26. Bxf7 Bd6 27. Bg5 Rf8 28. Qe6 Ng4 29. a3 Ne5 30. Bh5 Nc2 31. Nb5 Nd4 32. Nxd4 cxd4 33. Be7 Qa4 34. Bxf8 Qxb3 35. Bxd6 Qb1+ 36. Kg2 Qe4+ 37. Kh3 Qg4+ 1-0


[Site "https://www.chess.com"]

[Event "Titled Tuesday Blitz October 19 2021"]
[White "Zierk, Steven"]
[Black "Piesik, Piotr"]
[WhiteFideId "2034255"]
[BlackFideId "1136194"]
[WhiteElo "2494"]
[BlackElo "2336"]
[Result "1-0"]
[Round "03"]
[TimeControl "180+1"]
[Date "2021.10.19"]
[WhiteClock "0:00:19"]
[BlackClock "0:00:11"]

1. e4 g6 2. d4 Bg7 3. Nc3 c6 4. Nf3 d6 5. h3 Nf6 6. Be2 O-O 7. O-O b5 8. e5 Ne8 9. Bf4 Nd7 10. exd6 exd6 11. d5 b4 12. dxc6 bxc3 13. cxd7 Bxd7 14. bxc3 Bxc3 15. Rb1 Be6 16. a4 Rb8 17. Rxb8 Qxb8 18. Nd4 Bd7 19. Bb5 Bxb5 20. axb5 Qb6 21. Be3 Bxd4 22. Bxd4 Qxb5 23. Qf3 a5 24. Re1 Qf5 25. Qe3 Ng7 26. Bc3 Ne6 27. Qh6 f6 28. Qd2 Rc8 29. Qxd6 Rxc3 30. Rxe6 Rc8 31. Rxf6 Qxc2 32. Qe6+ Kh8 33. Rf7 Qc3 34. Qd7 Qe1+ 35. Kh2 Qe5+ 36. f4 1-0


[Site "https://www.chess.com"]

[Event "Titled Tuesday Blitz October 19 2021"]
[White "Abarca Gonzalez, Nicolas"]
[Black "Le, Tuan Minh"]
[WhiteFideId "3409422"]
[BlackFideId "12401153"]
[WhiteElo "2504"]
[BlackElo "2450"]
[Result "1/2-1/2"]
[Round "04"]
[TimeControl "180+1"]
[Date "2021.10.19"]
[WhiteClock "0:00:08"]
[BlackClock "0:00:06"]

1. e4 c5 2. Nf3 Nf6 3. e5 Nd5 4. b3 g6 5. h4 h6 6. h5 g5 7. d4 cxd4 8. Qxd4 e6 9. c4 Nc6 10. Qd1 Nc7 11. Nc3 d6 12. Ne4 dxe5 13. Qxd8+ Kxd8 14. Bb2 Bg7 15. O-O-O Nd4 16. Nxe5 Bxe5 17. Bxd4 Bxd4 18. Rxd4+ Ke7 19. Be2 e5 20. Rd2 Ne6 21. Nc3 Nd4 22. Re1 Be6 23. g3 Rhd8 24. f4 exf4 25. gxf4 gxf4 26. Bg4 Kf8 27. Bd1 Rac8 28. Rf2 b5 29. Rxf4 bxc4 30. b4 Ke7 31. Bg4 Nc6 32. Rxf7+ Kxf7 33. Bxe6+ Kf6 34. Bxc8 Rxc8 35. a3 Kg5 36. Re4 Kxh5 37. Rxc4 Ne7 38. Rxc8 Nxc8 39. Kd2 Kg4 40. Ke2 h5 41. Kf2 Nd6 42. a4 h4 43. b5 Kf4 44. a5 Ke5 45. Kg2 Kd4 46. b6 a6 47. Nb1 Kc4 48. Kh3 Kb4 49. Nd2 Nb7 50. Kxh4 Kxa5 51. Kg3 Kxb6 52. Kf2 Kc5 53. Ke2 Kd4 54. Kd1 Kc3 55. Kc1 Nc5 56. Nf3 a5 57. Kb1 a4 58. Ne1 Na6 59. Nc2 Nc5 60. Na3 Kb3 61. Nc2 Ne4 62. Ne1 Nd2+ 63. Ka1 a3 64. Nd3 Nf3 65. Nc1+ Ka4 66. Ka2 Nd4 67. Nd3 Ne2 68. Nc5+ Kb4 69. Nd3+ Ka4 70. Nc5+ Kb4 71. Nd3+ Kc3 72. Kxa3 1/2-1/2


[Site "https://www.chess.com"]

[Event "Titled Tuesday Blitz October 19 2021"]
[White "Aghasiyev, Kamal"]
[Black "Jumabayev, Rinat"]
[WhiteFideId "13402854"]
[BlackFideId "13702661"]
[WhiteElo "2210"]
[BlackElo "2535"]
[Result "1/2-1/2"]
[Round "04"]
[TimeControl "180+1"]
[Date "2021.10.19"]
[WhiteClock "0:00:05"]
[BlackClock "0:00:11"]

1. d4 Nf6 2. c4 g6 3. Nc3 Bg7 4. e4 O-O 5. Be2 d6 6. Bg5 h6 7. Be3 e5 8. d5 Ne8 9. Qd2 Kh7 10. Bd1 a6 11. Nge2 c6 12. O-O cxd5 13. cxd5 b5 14. b4 Nd7 15. a4 bxa4 16. Bxa4 Nb6 17. Bc6 Nc4 18. Qd3 Nxe3 19. Qxe3 Rb8 20. Rfb1 f5 21. f3 Nf6 22. Qa7 Qb6+ 23. Qxb6 Rxb6 24. b5 fxe4 25. fxe4 axb5 26. Rxb5 Rxb5 27. Bxb5 h5 28. Bd3 Bh6 29. h3 Be3+ 30. Kh2 h4 31. Nb5 Bc5 32. Nc7 Nh5 33. Ne6 Bxe6 34. dxe6 Kg7 35. Rb1 Kf6 36. Bc4 Ng7 37. Rf1+ Ke7 38. Rxf8 Kxf8 39. Nc3 Bb4 40. Nd5 Ba5 41. e7+ Kf7 42. Bb5 Bd2 43. g3 Bg5 44. gxh4 Bxh4 45. Bc4 Bxe7 46. Nf4+ Kf6 47. Nd5+ Kf7 48. Nf4+ Ke8 49. Nxg6 Bg5 50. Kg3 Bd2 51. Kg4 Kd7 52. h4 Ne8 53. Kf5 Ng7+ 54. Kf6 Nh5+ 55. Kf7 Kc6 56. Bd5+ Kc5 57. Nf8 Kd4 58. Ne6+ Ke3 59. Kg6 Ng3 60. h5 Kf3 61. h6 Bxh6 62. Kxh6 Ke3 63. Ng5 Kf4 64. Kg6 Ne2 65. Kf6 Nc3 66. Ne6+ Ke3 67. Ng5 Kf4 68. Nf7 Nxe4+ 69. Bxe4 Kxe4 70. Nxd6+ Kf4 71. Ke6 e4 72. Nxe4 1/2-1/2


[Site "https://www.chess.com"]

[Event "Titled Tuesday Blitz October 19 2021"]
[White "Ajay, Karthikeyan"]
[Black "Demchenko, Anton"]
[WhiteFideId "35011685"]
[BlackFideId "4160258"]
[WhiteElo "2183"]
[BlackElo "2583"]
[Result "0-1"]
[Round "04"]
[TimeControl "180+1"]
[Date "2021.10.19"]
[WhiteClock "0:00:02"]
[BlackClock "0:00:39"]

1. d4 Nf6 2. Bf4 b6 3. e3 Bb7 4. h3 e6 5. Nf3 Bd6 6. Ne5 Nc6 7. c3 O-O 8. Nd2 Nd5 9. Bh2 f6 10. Nxc6 dxc6 11. Bxd6 cxd6 12. e4 Ne7 13. Bd3 e5 14. O-O Ng6 15. g3 Bc8 16. Qh5 Qe8 17. Nc4 Qe6 18. Ne3 Qxh3 19. Qxh3 Bxh3 20. Rfe1 Rfe8 21. g4 h5 22. f3 hxg4 23. fxg4 Nf4 24. Bc4+ Kh7 25. Kh2 exd4 26. Kg3 Rxe4 27. Nf5 Rae8 28. Rxe4 Rxe4 29. Nxd6 Re3+ 30. Kxf4 g5+ 31. Kf5 Kg7 32. cxd4 c5 33. Rh1 cxd4 34. Ne8+ Rxe8 35. Rxh3 Re5# 0-1


[Site "https://www.chess.com"]

[Event "Titled Tuesday Blitz October 19 2021"]
[White "Alavkin, Arseny"]
[Black "Timofeev, Artyom"]
[WhiteFideId "4120612"]
[BlackFideId "4140419"]
[WhiteElo "2391"]
[BlackElo "2591"]
[Result "0-1"]
[Round "04"]
[TimeControl "180+1"]
[Date "2021.10.19"]
[WhiteClock "0:00:03"]
[BlackClock "0:00:26"]

1. d4 Nf6 2. Bf4 b6 3. e3 Bb7 4. Be2 Bxg2 5. Bf3 Bxh1 6. Bxh1 c6 7. c3 d5 8. Nd2 e6 9. Be5 Nbd7 10. f4 Be7 11. Qf3 c5 12. O-O-O Rc8 13. Ne2 cxd4 14. exd4 b5 15. Rg1 g6 16. a3 a5 17. Kd1 Qb6 18. Ke1 b4 19. axb4 axb4 20. Kf2 Nxe5 21. fxe5 Nd7 22. Qe3 O-O 23. Bf3 f6 24. exf6 Bxf6 25. Kg2 e5 26. Bxd5+ Kh8 27. Qh3 Rcd8 28. Be6 exd4 29. c4 d3 30. Nf4 Ne5 31. Bd5 Bg7 32. Rf1 Rde8 33. b3 Qd4 34. Qh4 Qe3 35. Rf2 Rf5 36. Nf1 Qb6 37. Ng3 Rff8 38. Ne4 Qd8 39. Qh3 Qe7 40. Qg3 Rd8 41. Rd2 Bh6 42. Ne6 Rf5 43. Rxd3 Nxd3 44. Qxd3 Qxe6 0-1


[Site "https://www.chess.com"]

[Event "Titled Tuesday Blitz October 19 2021"]
[White "Bartel, Michal"]
[Black "Siva Mahadevan"]
[WhiteFideId "1119257"]
[BlackFideId "25043153"]
[WhiteElo "2211"]
[BlackElo "2203"]
[Result "1/2-1/2"]
[Round "04"]
[TimeControl "180+1"]
[Date "2021.10.19"]
[WhiteClock "0:00:37"]
[BlackClock "0:00:40"]

1. e4 c5 2. Ne2 Nc6 3. g3 g6 4. Bg2 Bg7 5. c3 d6 6. d4 cxd4 7. cxd4 Bg4 8. f3 Bd7 9. Nbc3 Nf6 10. Be3 h5 11. h3 Rc8 12. Qd2 a6 13. O-O O-O 14. Rac1 b5 15. b3 Qa5 16. d5 Nb4 17. g4 hxg4 18. hxg4 Rc7 19. Bd4 Rfc8 20. Qe3 Qa3 21. Qd2 Nh7 22. Bb6 Rb7 23. Nb1 Qxa2 24. Rxc8+ Bxc8 25. Qxa2 Nxa2 26. Bd4 Rc7 27. Bxg7 Kxg7 28. Nd4 Nb4 29. Nd2 e5 30. dxe6 fxe6 31. f4 e5 32. fxe5 dxe5 33. N4f3 Bxg4 34. Nxe5 Be6 35. Nef3 Rc3 36. Nd4 Ng5 37. e5 Rd3 38. Nxe6+ Nxe6 39. Ne4 Rxb3 40. Nd6 Re3 41. Rf7+ Kh6 42. Rf6 Rxe5 43. Nf7+ Kg7 44. Rxg6+ Kxg6 45. Nxe5+ Kf5 46. Nd7 a5 47. Bf1 Nd4 48. Nc5 Ke5 49. Kf2 Kd5 50. Nb7 a4 51. Bg2+ Kc4 52. Nd6+ Kb3 53. Bh3 a3 54. Kg2 a2 55. Nxb5 Nxb5 56. Be6+ Kc3 57. Bxa2 Nxa2 1/2-1/2


[Site "https://www.chess.com"]

[Event "Titled Tuesday Blitz October 19 2021"]
[White "Bortnyk, Olexandr"]
[Black "Williams, Simon K"]
[WhiteFideId "14120828"]
[BlackFideId "404454"]
[WhiteElo "2723"]
[BlackElo "2468"]
[Result "1-0"]
[Round "04"]
[TimeControl "180+1"]
[Date "2021.10.19"]
[WhiteClock "0:00:41"]
[BlackClock "0:00:29"]

1. e4 e6 2. d4 d5 3. Nc3 Nf6 4. Bg5 Be7 5. Bxf6 Bxf6 6. Nf3 dxe4 7. Nxe4 a6 8. Bd3 b5 9. Qe2 Be7 10. O-O-O Bb7 11. h4 Nd7 12. h5 Nb6 13. h6 g6 14. Kb1 Qd5 15. Ne5 f6 16. Nc3 Qd6 17. Be4 Nd5 18. Bxd5 Bxd5 19. Nxd5 Qxd5 20. Nd3 Bd6 21. Rhe1 Kf7 22. c3 Rhe8 23. g4 a5 24. f4 b4 25. c4 Qc6 26. g5 b3 27. axb3 Rab8 28. gxf6 Rxb3 29. c5 Reb8 30. Qxe6+ 1-0


[Site "https://www.chess.com"]

[Event "Titled Tuesday Blitz October 19 2021"]
[White "Budrewicz, Krzysztof"]
[Black "Demidov, Mikhail"]
[WhiteFideId "1127950"]
[BlackFideId "4197143"]
[WhiteElo "2242"]
[BlackElo "2527"]
[Result "1-0"]
[Round "04"]
[TimeControl "180+1"]
[Date "2021.10.19"]
[WhiteClock "0:00:09"]
[BlackClock "0:00:03"]

1. d4 Nc6 2. Nf3 d6 3. h3 g6 4. c4 Bg7 5. Nc3 e5 6. d5 Nce7 7. e4 f5 8. Ng5 Nf6 9. Bd3 O-O 10. O-O f4 11. Be2 h6 12. Ne6 Bxe6 13. dxe6 Nc6 14. Nd5 Re8 15. Nxf6+ Qxf6 16. b4 Qxe6 17. Qd5 Nxb4 18. Qxe6+ Rxe6 19. Rb1 c5 20. a3 Nc6 21. Rxb7 h5 22. Bd2 Bf6 23. Rfb1 Bd8 24. Bd1 Re7 25. Ba4 Nd4 26. Rb8 Rxb8 27. Rxb8 Ne6 28. Ba5 Rf7 29. Rxd8+ Nxd8 30. Bxd8 Rb7 31. Bb5 Kf7 32. h4 a6 33. Bxa6 Ra7 34. Bb5 Rxa3 35. Bc6 Ra1+ 36. Kh2 Ra2 37. f3 Rc2 38. Bg5 Kf8 39. Bd5 Rb2 40. Kh3 Ra2 41. Bd8 Ra1 42. g3 Ra3 43. gxf4 exf4 44. Kg2 Ra2+ 45. Kf1 Ra1+ 46. Ke2 Ra2+ 47. Kd1 Rf2 48. Bg5 Rxf3 49. e5 Rd3+ 50. Ke2 Rxd5 51. cxd5 dxe5 52. Kd3 Ke8 53. Ke4 c4 54. Kxe5 f3 55. Ke6 f2 56. d6 f1=Q 57. d7+ Kf8 58. d8=Q+ Kg7 59. Qe7+ Kg8 60. Qd8+ Kg7 61. Bf6+ Kh7 62. Qh8# 1-0


[Site "https://www.chess.com"]

[Event "Titled Tuesday Blitz October 19 2021"]
[White "Ceres, Dragos"]
[Black "Salimova, Nurgyul"]
[WhiteFideId "13905864"]
[BlackFideId "2915138"]
[WhiteElo "2094"]
[BlackElo "2071"]
[Result "1-0"]
[Round "04"]
[TimeControl "180+1"]
[Date "2021.10.19"]
[WhiteClock "0:00:19"]
[BlackClock "0:00:22"]

1. e4 c5 2. Nf3 d6 3. d4 cxd4 4. Nxd4 Nf6 5. Nc3 a6 6. Be3 e5 7. Nb3 Be6 8. f4 exf4 9. Bxf4 Nc6 10. Qd2 Be7 11. O-O-O Ne5 12. Nd4 Rc8 13. Nf5 Bxf5 14. exf5 O-O 15. h3 b5 16. g4 b4 17. Nd5 Nxd5 18. Qxd5 Bg5 19. Bxg5 Qxg5+ 20. Kb1 Rc6 21. Bg2 Rfc8 22. Qd2 Qxd2 23. Rxd2 Nc4 24. Re2 Rc5 25. Rd1 h5 26. Bb7 Rd8 27. Bxa6 hxg4 28. hxg4 Ne5 29. Re4 Nc6 30. Bb7 Ne5 31. Rxb4 Rb8 32. Rxd6 Rc7 33. Rdb6 Nc4 34. Ra6 Rbxb7 35. Rxb7 Rxb7 36. b3 Ne3 37. Ra4 g5 38. Re4 Nd5 39. Kb2 Kg7 40. c4 Nf6 41. Rd4 Re7 42. a4 Re2+ 43. Ka3 Ne4 44. a5 Nc5 45. Kb4 Na6+ 46. Kb5 Nc7+ 47. Kc6 Na6 48. Kb5 Nc7+ 49. Kb6 Ne8 50. a6 Ra2 51. a7 Kf6 52. Rd8 Ke7 53. a8=Q Rxa8 54. Rxa8 Nf6 55. Ra7+ Kd6 56. Kb5 Ne4 57. Rxf7 Nc3+ 58. Kb4 Na2+ 59. Ka3 Nc3 60. Rf6+ Ke5 61. Rg6 Nb1+ 62. Kb2 Nd2 63. Rxg5 Ne4 64. Rg8 Nd6 65. Rg6 Ne4 66. Re6+ Kd4 67. Rxe4+ Kxe4 68. f6 Ke5 69. f7 Kf6 70. f8=Q+ Ke5 71. Qf5+ Kd4 72. g5 Ke3 73. g6 Kd2 74. g7 Ke3 75. g8=Q Kd4 76. Qgg4+ Ke3 77. Qff3+ Kd2 78. Qgg2+ Ke1 79. Qff1# 1-0


[Site "https://www.chess.com"]

[Event "Titled Tuesday Blitz October 19 2021"]
[White "Durarbayli, Vasif"]
[Black "Chernobay, Artem"]
[WhiteFideId "13402935"]
[BlackFideId "4167406"]
[WhiteElo "2522"]
[BlackElo "2480"]
[Result "0-1"]
[Round "04"]
[TimeControl "180+1"]
[Date "2021.10.19"]
[WhiteClock "0:00:02"]
[BlackClock "0:00:05"]

1. e4 e6 2. d4 d5 3. e5 c5 4. c3 Nc6 5. Nf3 Qb6 6. Be2 cxd4 7. cxd4 Nge7 8. Na3 Nf5 9. Nc2 Be7 10. h4 Nb4 11. Nxb4 Bxb4+ 12. Kf1 Bf8 13. h5 h6 14. Rh3 Bd7 15. a4 Bb4 16. g4 Ne7 17. g5 hxg5 18. Nxg5 Nf5 19. Rd3 Rc8 20. Bf4 Rc4 21. a5 Bxa5 22. Rb3 Rxd4 23. Qc2 Bb4 24. Bc1 O-O 25. Nf3 Re4 26. Bd3 Bb5 27. Qd1 Rc8 28. h6 gxh6 29. Kg2 Bxd3 30. Rxd3 Qb5 31. Kh3 Qc4 32. Qg1+ Kf8 33. Rd1 Qe2 34. Qg2 Rcc4 35. Rg1 Rh4+ 36. Nxh4 Rxh4# 0-1


[Site "https://www.chess.com"]

[Event "Titled Tuesday Blitz October 19 2021"]
[White "Jobava, Baadur"]
[Black "Mikhalevski, Victor"]
[WhiteFideId "13601520"]
[BlackFideId "2801914"]
[WhiteElo "2731"]
[BlackElo "2577"]
[Result "1-0"]
[Round "04"]
[TimeControl "180+1"]
[Date "2021.10.19"]
[WhiteClock "0:01:15"]
[BlackClock "0:00:06"]

1. e4 e5 2. Nf3 Nc6 3. d4 exd4 4. Nxd4 Nf6 5. Nxc6 bxc6 6. Bd3 d5 7. exd5 cxd5 8. O-O Be7 9. Re1 O-O 10. h3 c6 11. Nd2 a5 12. b3 a4 13. Bb2 Ba6 14. Nf3 Bxd3 15. Qxd3 Ne4 16. c4 axb3 17. axb3 Rxa1 18. Bxa1 Bc5 19. Bd4 Qb6 20. cxd5 cxd5 21. Bxc5 Qxc5 22. Qd4 Qxd4 23. Nxd4 Rb8 24. Rc1 g6 25. f3 Nf6 26. Kf2 Rb7 27. Rc8+ Kg7 28. Ke3 h5 29. g4 h4 30. Rc5 Ra7 31. Kf4 Ra1 32. Rc7 Re1 33. b4 Ne4 34. b5 Kf6 35. Rc6+ Ke7 36. b6 f6 37. b7 Nf2 38. Re6+ Rxe6 39. Nxe6 Nd1 40. b8=Q Kxe6 41. Qb6+ Kf7 42. Qc7+ Ke6 43. Qc6+ Ke7 44. g5 1-0


[Site "https://www.chess.com"]

[Event "Titled Tuesday Blitz October 19 2021"]
[White "Kamsky, Gata"]
[Black "Shkapenko, Pavel"]
[WhiteFideId "2000024"]
[BlackFideId "4151933"]
[WhiteElo "2603"]
[BlackElo "2386"]
[Result "1-0"]
[Round "04"]
[TimeControl "180+1"]
[Date "2021.10.19"]
[WhiteClock "0:00:51"]
[BlackClock "0:00:10"]

1. d4 Nf6 2. Nf3 e6 3. Bf4 c5 4. e3 cxd4 5. exd4 b6 6. h3 Bb7 7. a4 a6 8. Nbd2 Be7 9. Bh2 d6 10. Bd3 Nbd7 11. O-O O-O 12. a5 b5 13. c4 bxc4 14. Nxc4 Qb8 15. Ra3 Bd5 16. Nfd2 Qb7 17. Rb3 Qc6 18. Rc3 Bxg2 19. Ne3 Qb7 20. Nxg2 Qxb2 21. Qc2 Qb4 22. Nc4 Rab8 23. Nge3 Rb7 24. Rb1 Qxb1+ 25. Qxb1 Rxb1+ 26. Bxb1 Rc8 27. Rb3 d5 28. Nb6 Rc1+ 29. Kg2 Nf8 30. Na4 Bd8 31. Nb6 Ng6 32. Bg3 h5 33. Bxg6 fxg6 34. Be5 Ne4 35. Nd7 Rc8 36. Rb6 Bh4 37. Rxe6 Bxf2 38. Nxd5 Rc2 39. Re8+ Kh7 40. Nf8+ Kh6 41. Bf4+ g5 42. Re6+ Nf6 43. Nxf6 Bxd4+ 44. Kf3 Bxf6 45. Be5 Ra2 46. Rxa6 Ra3+ 47. Ke4 Rxh3 48. Nd7 Rh4+ 49. Kf5 Rb4 50. Nxf6 gxf6 51. Rxf6+ Kh7 52. Rb6 Ra4 53. Rb8 1-0


[Site "https://www.chess.com"]

[Event "Titled Tuesday Blitz October 19 2021"]
[White "Kezin, Roman"]
[Black "Tang, Andrew"]
[WhiteFideId "24124621"]
[BlackFideId "2059630"]
[WhiteElo "2557"]
[BlackElo "2588"]
[Result "0-1"]
[Round "04"]
[TimeControl "180+1"]
[Date "2021.10.19"]
[WhiteClock "0:00:02"]
[BlackClock "0:00:03"]

1. d4 d5 2. c4 e6 3. Nf3 Nf6 4. g3 dxc4 5. Bg2 Nc6 6. O-O Rb8 7. Nc3 Be7 8. Qa4 O-O 9. Qxc4 a6 10. Bf4 Nh5 11. Be3 b5 12. Qd3 Bb7 13. Rac1 Rc8 14. Rfd1 Nf6 15. Qb1 Na5 16. Bf4 Qe8 17. b4 Nc4 18. Ne5 Bxg2 19. Kxg2 Nxe5 20. Bxe5 Qd7 21. Bxf6 gxf6 22. d5 e5 23. e4 Rfd8 24. Rd3 c5 25. d6 Bxd6 26. Nd5 Qe6 27. Nb6 Rb8 28. bxc5 Bxc5 29. Nd5 Bf8 30. Rdc3 f5 31. Rc6 Rd6 32. Nc7 Qh6 33. Rxd6 Qxd6 34. exf5 Rc8 35. Qc2 Qb6 36. f6 Bd6 37. Qf5 Qb7+ 38. Kh3 Kh8 39. Qg4 Rg8 40. Qd7 Bxc7 41. Rxc7 Qf3 42. Qxf7 Qf5+ 43. Kg2 Qe4+ 44. f3 Qe2+ 45. Kh3 Qf1+ 46. Kh4 Qd3 47. Rc8 Qd4+ 48. g4 Qf2+ 49. Kh3 Qxf3+ 50. Kh4 Qxg4# 0-1


[Site "https://www.chess.com"]

[Event "Titled Tuesday Blitz October 19 2021"]
[White "Koutlas, Nikolaos"]
[Black "Aradhya, Garg"]
[WhiteFideId "25827138"]
[BlackFideId "25006746"]
[WhiteElo "1525"]
[BlackElo "2146"]
[Result "0-1"]
[Round "04"]
[TimeControl "180+1"]
[Date "2021.10.19"]
[WhiteClock "0:00:16"]
[BlackClock "0:00:07"]

1. Nf3 d5 2. g3 c5 3. Bg2 Nc6 4. O-O e5 5. d3 Nf6 6. e4 Be7 7. Nc3 d4 8. Ne2 O-O 9. Ne1 b5 10. f4 Ng4 11. h3 Ne3 12. Bxe3 dxe3 13. c3 exf4 14. Nxf4 b4 15. Nc2 bxc3 16. bxc3 c4 17. d4 Qa5 18. Nxe3 Qxc3 19. Ned5 Qxg3 20. e5 Rb8 21. Nxe7+ Nxe7 22. Rf3 Qg5 23. Qe2 Bb7 24. Rff1 Nf5 25. Qf2 Rfd8 26. d5 Rxd5 27. Nxd5 Bxd5 28. Rad1 Bxg2 29. Qxf5 Qxf5 30. Rxf5 Bxh3 31. Rf4 Be6 32. Rfd4 g5 33. Rd8+ Rxd8 34. Rxd8+ Kg7 35. Ra8 c3 36. Rxa7 Bc4 37. Rc7 Bxa2 38. Rxc3 Bd5 39. Rd3 Be4 40. Re3 Bd5 41. Rd3 Bc4 42. Rd4 Be6 43. Kf2 Kg6 44. Rd1 h5 45. Ke3 Kf5 46. Kd4 h4 47. Rf1+ Kg4 48. Ke4 h3 49. Rg1+ Kh4 50. Rd1 h2 51. Kf3 Bd5+ 0-1


[Site "https://www.chess.com"]

[Event "Titled Tuesday Blitz October 19 2021"]
[White "Krasilnikov, Evgeni"]
[Black "Harshavardhan G B"]
[WhiteFideId "4139739"]
[BlackFideId "25059009"]
[WhiteElo "2295"]
[BlackElo "1825"]
[Result "0-1"]
[Round "04"]
[TimeControl "180+1"]
[Date "2021.10.19"]
[WhiteClock "0:00:31"]
[BlackClock "0:00:55"]

1. e4 c5 2. c3 Nf6 3. e5 Nd5 4. d4 cxd4 5. Nf3 Nc6 6. Bc4 Nb6 7. Bb3 d5 8. exd6 Qxd6 9. O-O Be6 10. Na3 Bxb3 11. Qxb3 g6 12. Ng5 e6 13. Ne4 Qe5 14. Bg5 Qxe4 15. Bf6 Rg8 16. Rae1 Qf5 17. Nb5 Qxf6 18. Nc7+ Kd7 19. Nxa8 Nxa8 20. Qxb7+ Nc7 21. cxd4 Bd6 22. Rc1 Nxd4 23. Kh1 Qf4 24. g3 Qf3+ 25. Qxf3 Nxf3 26. Kg2 Nd4 27. Rfd1 e5 28. f4 f6 29. fxe5 fxe5 30. Rf1 Ke6 31. Rf2 Nd5 32. Re1 Nb4 33. Rd2 Rc8 34. a3 Nbc2 35. Rb1 Ne3+ 36. Kh1 Rf8 37. Re1 Rf1+ 38. Rxf1 Nxf1 39. Rf2 Ne3 40. b4 e4 41. Rd2 Kd5 0-1


[Site "https://www.chess.com"]

[Event "Titled Tuesday Blitz October 19 2021"]
[White "Lazavik, Denis"]
[Black "Langrock, Hannes"]
[WhiteFideId "13515110"]
[BlackFideId "4655290"]
[WhiteElo "2436"]
[BlackElo "2325"]
[Result "0-1"]
[Round "04"]
[TimeControl "180+1"]
[Date "2021.10.19"]
[WhiteClock "0:00:06"]
[BlackClock "0:00:27"]

1. d4 f5 2. Nc3 Nf6 3. Bg5 d5 4. e3 e6 5. Nf3 Be7 6. Bd3 Ne4 7. Bxe7 Qxe7 8. O-O O-O 9. Ne2 c5 10. c4 dxc4 11. Bxc4 Nd6 12. Bb3 c4 13. Bc2 b5 14. Ne5 Bb7 15. b3 Nc6 16. Nf4 Rfd8 17. Qe2 Rac8 18. Rfd1 Nxe5 19. dxe5 Nf7 20. bxc4 Rxd1+ 21. Rxd1 bxc4 22. e4 fxe4 23. Bxe4 Bxe4 24. Qxe4 c3 25. h3 Qc5 26. Nxe6 Qxe5 27. Qxe5 Nxe5 28. Nf4 c2 29. Rc1 g5 0-1


[Site "https://www.chess.com"]